cohdb
Replays
Latest Replays
All Replays
Popular Replays
Top Player Replays
Match Explorer
How It Works
Community
CoH3 Stats
Reddit
Sign in to upload your games and track your stats! →
Sign in with Steam
Match 42088121
Unlisted
Match 42088121
Overview
Messages
Build Orders
End
Selects Australian Defense Battlegroup
Selects Australian Light Infantry Section
Australian Light Infantry Section
Construct Section Command Post
Dingo Light Scout Car
Australian Light Infantry Section
ML 3-inch Mortar Team
Construct Platoon Command Post
Humber Armored Car
Infantry Section
Selects 2-pounder Anti-tank Gun Team
Infantry Training
Construct Company Command Post
Foot Guards Section
Unlock Bishop Self-propelled Artillery
Selects Vehicle Over Repair
Bishop Self-propelled Artillery
Foot Guards Section
gorcky17
Andhrimnir
mæjus
UH|dun! ツ
UH|ck
iceman
0
0
Comments
sign in to comment!
No comments posted yet!